 Dungeon Crawl Stone Soup version 0.19.0-20-gbc5f0c6 (webtiles) character file.

1645 dobroeutro the Cleaver (level 8, 0/69 HPs)
             Began as a Minotaur Berserker on Nov 17, 2016.
             Was a Priest of Trog.
             Slain by a green ugly thing (13 damage)
             ... on level 7 of the Dungeon.
             The game lasted 00:04:48 (5193 turns).

dobroeutro the Cleaver (Minotaur Berserker)         Turns: 5193, Time: 00:04:49

Health: 0/69       AC:  4    Str: 23    XL:     8   Next: 67%
Magic:  7/7        EV: 18    Int:  4    God:    Trog [***...]
Gold:   266        SH:  0    Dex: 15    Spells: 0 memorised, 7 levels left

rFire  . . .     SeeInvis .     a - +0 hand axe
rCold  . . .     Gourm    .     b - +0 animal skin
rNeg   . . .     Faith    .     (no shield)
rPois  .         Spirit   .     x - +0 hat
rElec  .         Reflect  .     w - +1 cloak
rCorr  .         Harm     .     (no gloves)
MR     .....                    (no boots)
Stlth  +.........               (no amulet)
                                y - +4 ring of dexterity
                                u - +4 ring of evasion

@: exhausted, slowed, very slow
A: retaliatory headbutt, horns 2
a: Berserk, Trog's Hand, Burn Spellbooks, Renounce Religion


You were on level 7 of the Dungeon.
You worshipped Trog.
Trog was most pleased with you.
You were very hungry.

You visited 1 branch of the dungeon, and saw 7 of its levels.

You collected 266 gold pieces.

Inventory:

Hand Weapons
 a - a +0 hand axe (weapon)
Armour
 b - a +0 animal skin (worn)
 w - a +1 cloak (worn)
 x - a +0 hat (worn)
Jewellery
 u - a +4 ring of evasion (left hand)
 y - a +4 ring of dexterity (right hand)
Wands
 z - a wand of slowing (18/48)
 C - a wand of flame (7/48)
 E - a wand of flame (32/48)
 F - a wand of enslavement (10/24)
Scrolls
 d - a scroll of noise {unknown}
 e - 2 scrolls of fog {unknown}
 f - 7 scrolls of identify {unknown}
 h - a scroll of recharging {unknown}
 k - 2 scrolls of magic mapping {unknown}
 m - 4 scrolls of amnesia {unknown}
 p - a scroll of enchant armour {unknown}
 t - a scroll of immolation {unknown}
 v - a scroll of remove curse {unknown}
Potions
 g - a potion of degeneration {unknown}
 i - 2 potions of curing
 l - 2 potions of magic {unknown}
 n - a potion of haste {unknown}
 o - 3 potions of brilliance {unknown}
 s - a potion of cure mutation {unknown}
 A - a potion of cancellation {unknown}
 B - a potion of berserk rage {unknown}
Books
 j - a book of Changes

   Spells                             Type                      Level
   a - Beastly Appendage              Transmutation                1
   b - Sticks to Snakes               Transmutation                2
   c - Spider Form                    Transmutation/Poison         3
   d - Ice Form                       Ice/Transmutation            4
   e - Blade Hands                    Transmutation                5
   Trog disapproves of the use of such an item.
Comestibles
 c - 4 bread rations
 q - 4 meat rations
 r - a slice of pizza
 D - a beef jerky


   Skills:
 + Level 5.5 Fighting
 + Level 11.4 Axes
 + Level 4.7 Armour
 + Level 4.2 Dodging


You had 7 spell levels left.
You didn't know any spells.

Dungeon Overview and Level Annotations

Branches:
Dungeon (7/15)
 Temple: D:4-7

Altars:
Nemelex Xobeh
Xom
Zin

Shops:
D:5 *


Innate Abilities, Weirdness & Mutations

You reflexively headbutt those who attack you in melee.
You have a pair of horns on your head.


Message History

You feel sick.
The green ugly thing closely misses you.
You furiously retaliate!
You headbutt the green ugly thing, but do no damage.
Unknown command.
You barely miss the green ugly thing.
The green ugly thing is severely wounded.
You feel sick. The green ugly thing stings you!
* * * LOW HITPOINT WARNING * * *
You are more poisoned.
The green ugly thing poisons you!
Unknown command.
You feel better.
The green ugly thing closely misses you.
The green ugly thing misses you.
You barely miss the green ugly thing.
You headbutt the green ugly thing, but do no damage.
The green ugly thing is severely wounded.
The green ugly thing stings you!
You die...

#..## ..# ##..#
.># ####''#### ##
##........##
#..........##
#...........=##
#..............##
.?..............##
..........@......#
.$.......u.......#
.....8..8.......#
.....≈≈........#
.....≈≈........#
....8?$8...)...#
..............?#
..............#


You could see a green ugly thing.

Vanquished Creatures
  The ghost of BorisBritva the Poker, an amateur CeGl (D:6)
  Prince Ribbit (D:6)
  A hungry ghost (D:7)
  An orc warrior (D:6)
  A phantom (D:6)
  A sky beast (D:6)
  An ogre (D:4)
  Blork the orc (D:5)
  A scorpion (D:5)
  2 howler monkeys
  A bullfrog zombie (D:6)
  2 hounds (D:5)
  A centaur zombie (D:6)
  An orc priest (D:6)
  A gnoll shaman (D:4)
  3 orc wizards (D:6)
  3 worker ants
  5 gnolls
  8 adders
  A shadow imp (D:5)
  2 adder zombies (D:5)
  An adder skeleton (D:5)
  A worm (D:2)
  3 leopard geckos
  9 orcs (D:6)
  A ball python (D:4)
  5 giant cockroaches
  5 goblins
  7 hobgoblins
  24 jackals
  3 quokkas
  3 bats (D:1)
  2 frilled lizards
  A jackal zombie (D:5)
  5 kobolds
  2 leopard gecko skeletons (D:7)
  3 rats
114 creatures vanquished.

Vanquished Creatures (others)
  7 toadstools (D:1)
7 creatures vanquished.

Grand Total: 121 creatures vanquished

Notes
Turn   | Place    | Note
-------+----------+-------------------------------------------
     0 | D:1      | dobroeutro the Minotaur Berserker began the quest for the Orb.
     0 | D:1      | Reached XP level 1. HP: 19/19 MP: 0/0
   148 | D:1      | Reached skill level 4 in Axes
   231 | D:1      | Reached XP level 2. HP: 12/26 MP: 1/1
   542 | D:1      | Reached skill level 5 in Axes
   555 | D:1      | Reached XP level 3. HP: 15/31 MP: 2/2
   858 | D:2      | Found a shimmering altar of Xom.
  1072 | D:2      | Reached ** piety under Trog
  1278 | D:2      | Reached XP level 4. HP: 34/39 MP: 3/3
  1385 | D:2      | Reached skill level 6 in Axes
  1809 | D:3      | Found a sparkling altar of Nemelex Xobeh.
  2099 | D:3      | Noticed a phantom
  2173 | D:4      | Found a glowing silver altar of Zin.
  2242 | D:4      | Reached skill level 7 in Axes
  2242 | D:4      | Reached XP level 5. HP: 40/45 MP: 4/4
  2359 | D:4      | Noticed an ogre
  2365 | D:4      | Killed an ogre
  2365 | D:4      | Reached skill level 8 in Axes
  2365 | D:4      | Reached XP level 6. HP: 51/51 MP: 5/5
  3016 | D:5      | Entered Level 5 of the Dungeon
  3023 | D:5      | Noticed Blork the orc
  3036 | D:5      | Killed Blork the orc
  3036 | D:5      | Reached skill level 9 in Axes
  3084 | D:5      | Reached *** piety under Trog
  3114 | D:5      | Reached XP level 7. HP: 38/57 MP: 6/6
  3483 | D:5      | Found Conin's Assorted Antiques.
  3895 | D:6      | Noticed BorisBritva's ghost (amateur CeGl)
  3902 | D:6      | Killed BorisBritva's ghost
  3902 | D:6      | Reached skill level 10 in Axes
  4095 | D:6      | Reached XP level 8. HP: 57/66 MP: 7/7
  4110 | D:6      | Reached skill level 11 in Axes
  4567 | D:6      | Noticed Prince Ribbit
  4578 | D:6      | Killed Prince Ribbit
  4578 | D:6      | Reached skill level 5 in Fighting
  5169 | D:7      | Noticed a green ugly thing
  5193 | D:7      | Slain by a green ugly thing

Skill      XL: |  1  2  3  4  5  6  7  8 |
---------------+-------------------------+-----
Axes           | 4 5 7 8 9 10 11 | 11.4
Fighting       | 4 5 |  5.5
Armour         | 3 4 |  4.7
Dodging        | 4 |  4.2

Action                   |  1- 3 |  4- 6 |  7- 9 || total
-------------------------+-------+-------+-------++-------
Melee: Hand axe          |    81 |   105 |   135 ||   321
       Headbutt          |    11 |    22 |    34 ||    67
Invok: Berserk           |       |     2 |     2 ||     4
  Use: Potion            |       |       |     2 ||     2
 Stab: Sleeping          |     2 |       |     1 ||     3
  Eat: Chunk             |     1 |     7 |     7 ||    15
       Meat ration       |       |       |     1 ||     1
Armor: Animal skin       |     8 |    18 |    14 ||    40
Dodge: Dodged            |    45 |    77 |    81 ||   203
